 Dungeon Crawl Stone Soup version 0.17-a0-469-g696e5a1 (webtiles) character file.

584 tsouns the Cudgeler (level 7, -3/76 HPs)
             Began as an Ogre Hunter on Apr 6, 2015.
             Was an Initiate of Ashenzari.
             Slain by an ice beast (10 damage)
             ... on level 5 of the Dungeon.
             The game lasted 00:15:21 (4623 turns).

tsouns the Cudgeler (Ogre Hunter)                   Turns: 4623, Time: 00:15:22

Health: -3/76      AC:  9    Str: 19    XL:     7   Next: 37%
Magic:  7/7        EV: 10    Int: 16    God:    Ashenzari [......]
Gold:   61         SH:  0    Dex: 10    Spells: 0 memorised, 6 levels left

rFire  . . .     SeeInvis .     u - +1 eveningstar "Brilliance" {holy, rN+ AC+5 Int+5}
rCold  . . .     Clarity  .     p - +1 robe (curse)
rNeg   + + .     SustAb   +     (no shield)
rPois  .         Gourm    .     (helmet restricted)
rElec  .         Spirit   .     (no cloak)
rCorr  .         Warding  .     (gloves unavailable)
rMut   .         Stasis   .     (boots unavailable)
MR     .....                    (no amulet)
Stlth  +.........               w - ring of positive energy
                                c - ring of sustain abilities

@: lethally poisoned (-3 -> -4), glowing, not resistant to hostile enchantments,
very unstealthy
A: unfitting armour, tough skin 1
a: Renounce Religion


You were on level 5 of the Dungeon.
You worshipped Ashenzari.
Ashenzari was noncommittal.
You were not hungry.

You visited 1 branch of the dungeon, and saw 5 of its levels.

You collected 296 gold pieces.
You spent 235 gold pieces at shops.

Inventory:

Hand weapons
 a - a +0 short sword
 h - a +0 club
 u - the +1 eveningstar "Brilliance" (weapon) {holy, rN+ AC+5 Int+5}
   (You found it on level 4 of the Dungeon)

   It has been blessed by the Shining One to cause great damage to the undead
   and demons.
   It affects your AC (+5).
   It affects your intelligence (+5).
   It protects you from negative energy.
 x - a +1 mace of protection
 y - a +0 blowgun
Missiles
 b - 4 large rocks
 d - 56 stones (quivered)
 t - 23 poisoned needles
Armour
 p - a cursed +1 robe (worn)
 v - the +1 robe of Zeigh {rF+}
   (You found it on level 4 of the Dungeon)

   It protects you from fire.
Jewellery
 c - a ring of sustain abilities (left hand)
 s - an uncursed amulet of clarity
 w - a ring of positive energy (right hand)
Scrolls
 q - 2 scrolls of teleportation
 E - a scroll of magic mapping
 F - a scroll of recharging
 G - a scroll of enchant weapon
Potions
 e - a potion of heal wounds
 i - a potion of invisibility
 k - 2 potions of brilliance
 l - 2 potions of resistance
 m - 5 potions of curing
 o - 3 potions of agility
 r - a potion of restore abilities {unknown}
 z - a potion of haste
 B - a potion of poison {unknown}
 D - a potion of lignification {unknown}
Comestibles
 f - 3 bread rations
 g - a meat ration
 j - a royal jelly
 A - a beef jerky
 C - a chunk of flesh


   Skills:
 + Level 6.6 Fighting
 * Level 7.1 Maces & Flails
 - Level 5.2 Throwing
 - Level 1.7 Dodging
 - Level 0.7 Stealth


You had 6 spell levels left.
You didn't know any spells.

Dungeon Overview and Level Annotations

Branches:
Dungeon (5/15)
 Temple: D:4-7

Altars:
Ashenzari
Cheibriados
Trog
Zin

Shops:
D:5 ?


Innate Abilities, Weirdness & Mutations

You are too large for most types of armour.
You have tough skin (AC +1).


Message History

j - a royal jelly An ice beast comes into view.
You feel sick.
Found a murky orange potion.
Found a stone staircase leading up.
You feel sick. The ice beast hits you. The ice beast freezes you!
You hit the ice beast.
The ice beast is lightly wounded.
The ice beast hits you. The ice beast freezes you!
You sock the ice beast!
The ice beast is severely wounded.
You feel sick. The ice beast hits you. The ice beast freezes you.
The ice beast hits you. The ice beast freezes you!
* * * LOW HITPOINT WARNING * * *
You barely miss the ice beast.
The ice beast is severely wounded.
The ice beast hits you.
* * * LOW HITPOINT WARNING * * *
The ice beast freezes you!
You die...

. . . .... ... ..... ....
..... #### ..... #....
##... #####!......
#..##..# #..@Y.....#
###.....######.###.<.....
#..............# .....
#.###..####.....# ...#
#.......###.###..# ..#
..#####..(..####.... .
#..........###...
##...............
...........=..###.


You could see an ice beast.

Vanquished Creatures
  Duvessa (D:3)
  A phantom (D:4)
  Dowan (D:4)
  A giant frog skeleton (D:5)
  A quasit (D:5)
  3 orc priests (D:4)
  2 worker ants (D:5)
  5 adders
  A shadow imp (D:5)
  2 worms
  4 giant geckos
  An orc (D:4)
  10 bats
  A bat skeleton (D:4)
  4 giant cockroaches
  9 goblins
  7 hobgoblins
  14 jackals
  18 kobolds
  3 ball pythons
  5 giant newts
  5 rats
99 creatures vanquished.

Notes
Turn   | Place    | Note
--------------------------------------------------------------
     0 | D:1      | tsouns, the Ogre Hunter, began the quest for the Orb.
     0 | D:1      | Reached XP level 1. HP: 22/22 MP: 1/1
   301 | D:1      | Reached XP level 2. HP: 17/31 MP: 2/2
   323 | D:1      | Reached skill level 1 in Maces & Flails
   918 | D:1      | Reached XP level 3. HP: 26/37 MP: 3/3
  1374 | D:2      | Found a snail-covered altar of Cheibriados.
  1381 | D:2      | Found a shattered altar of Ashenzari.
  1389 | D:2      | Became a worshipper of Ashenzari the Shackled
  1856 | D:2      | Reached skill level 5 in Throwing
  1856 | D:2      | Reached XP level 4. HP: 28/48 MP: 4/4
  2676 | D:3      | Found a glowing silver altar of Zin.
  3446 | D:3      | Reached XP level 5. HP: 55/55 MP: 5/5
  3685 | D:4      | Identified the +1 robe of Zeigh {rF+} (You found it on level 4 of the Dungeon)
  3808 | D:4      | Noticed Dowan
  3837 | D:4      | Killed Dowan
  3837 | D:4      | Reached skill level 5 in Fighting
  3854 | D:4      | Reached XP level 6. HP: 31/66 MP: 6/6
  4053 | D:4      | Noticed Duvessa
  4107 | D:3      | Killed Duvessa
  4107 | D:3      | Reached skill level 5 in Maces & Flails
  4444 | D:4      | Found a bloodstained altar of Trog.
  4457 | D:4      | Noticed a phantom
  4466 | D:4      | Killed a phantom
  4466 | D:4      | Reached skill level 6 in Fighting
  4466 | D:4      | Reached XP level 7. HP: 73/75 MP: 7/7
  4533 | D:5      | Entered Level 5 of the Dungeon
  4574 | D:5      | Found Qaskett's Magic Scroll Boutique.
  4582 | D:5      | Bought a scroll of magic mapping for 38 gold pieces
  4582 | D:5      | Bought a scroll of recharging for 104 gold pieces
  4582 | D:5      | Bought a scroll of enchant weapon for 82 gold pieces
  4582 | D:5      | Bought a scroll of noise for 11 gold pieces
  4600 | D:5      | Reached skill level 7 in Maces & Flails
  4623 | D:5      | Slain by an ice beast

Action                   |  1- 3 |  4- 6 |  7- 9 || total
-------------------------+-------+-------+-------++-------
Melee: Club              |   146 |   268 |       ||   414
       Short sword       |     4 |       |       ||     4
       Eveningstar       |       |    35 |    24 ||    59
Throw: Large rock        |    10 |     4 |       ||    14
       Throwing net      |     2 |       |       ||     2
       Stone             |       |     8 |       ||     8
  Use: Scroll            |     5 |     7 |       ||    12
  Eat: Chunk             |     1 |     5 |     1 ||     7
       Bread ration      |     1 |       |       ||     1
       Beef jerky        |       |     1 |       ||     1
